 Dungeon Crawl Stone Soup version 0.32-a0-643-ga006e7742e (webtiles) character file.

Game seed: 13005909884641553802

18 hikkokomori the Trooper (level 2, 0/24 HPs)
             Began as a Coglin Berserker on Mar 7, 2024.
             Was a Follower of Trog.
             Slain by a gnoll
             ... wielding a +0 club
              (7 damage)
             ... on level 1 of the Dungeon.
             The game lasted 00:01:10 (508 turns).

hikkokomori the Trooper (Coglin Berserker)           Turns: 508, Time: 00:01:10

Health: 0/24       AC:  3    Str: 17    XL:     2   Next: 66%
Magic:  2/2        EV: 12    Int:  6    God:    Trog [*.....]
Gold:   13         SH:  0    Dex: 13    Spells: 1/1 levels left

rFire   . . .        a - +0 hand axe {Khabaw}
rCold   . . .        c - +0 dagger {Kasem}
rNeg    . . .        b - +0 animal skin
rPois   .            (no helmet)
rElec   .            d - +0 cloak
rCorr   .            (no gloves)
SInv    .            (no boots)
Will    .....        (amulet unavailable)
Stlth   +            (ring unavailable)
HPRegen 0.24/turn    (ring unavailable)
MPRegen 0.08/turn    (no gizmo)

%: no passive effects
@: revved
A: off-hand wielding, slow wielding, warmup strikes, no jewellery
a: Invent Gizmo, Renounce Religion, Berserk


You were on level 1 of the Dungeon.
You worshipped Trog.
Trog was aware of your devotion.
You visited 1 branch of the dungeon, and saw 1 of its levels.

You collected 13 gold pieces.

Inventory:

Hand Weapons
 a - a +0 hand axe (weapon) {Khabaw}
 c - a +0 dagger (offhand) {Kasem}
Armour
 b - a +0 animal skin (worn)
 d - a +0 cloak (worn)
Scrolls
 e - a scroll of vulnerability {unknown}
 f - a scroll of fog {unknown}
 g - a scroll of identify {unknown}
 h - a scroll of silence {unknown}


   Skills:
 + Level 3.3 Fighting
 + Level 3.3 Axes
 - Level 2.0 Armour
 - Level 2.0 Dodging


You had one spell level left.
You didn't know any spells.
Your spell library was empty.

Dungeon Overview and Level Annotations

Branches:
Dungeon (1/15)

Altars:

Shops:
D:1 *


Innate Abilities, Weirdness & Mutations

You can wield a second weapon in your off-hand.
It takes a long time for you to wield or remove held weapons.
Your first few attacks do less damage.
You cannot equip rings or amulets.


Message History

You are too injured to fight recklessly!
You are too injured to fight recklessly!
You are too injured to fight recklessly!
You are too injured to fight recklessly!
You are too injured to fight recklessly!
You are too injured to fight recklessly!
You are too injured to fight recklessly!
You are too injured to fight recklessly!
You are too injured to fight recklessly!
You are too injured to fight recklessly!
You are too injured to fight recklessly!
You hit the gnoll but do no damage.
The gnoll is lightly wounded.
You hit the gnoll with your +0 dagger. The gnoll misses you.
You hit the gnoll but do no damage.
The gnoll is moderately wounded.
You barely miss the gnoll with your +0 dagger.
The gnoll closely misses you.
You completely miss the gnoll with your +0 dagger.
The gnoll is moderately wounded.
You hit the gnoll with your +0 hand axe.
The gnoll hits you but does no damage.
You hit the gnoll with your +0 dagger.
The gnoll is severely wounded.
You closely miss the gnoll with your +0 hand axe.
The gnoll hits you with a +0 club.
You hit the gnoll with your +0 hand axe.
The gnoll is severely wounded.
You barely miss the gnoll with your +0 dagger.
The gnoll hits you with a +0 club.
You hit the gnoll but do no damage.
The gnoll is severely wounded.
You barely miss the gnoll with your +0 hand axe.
The gnoll hits you with a +0 club.
* * * LOW HITPOINT WARNING * * *
You hit the gnoll but do no damage.
The gnoll is severely wounded.
You barely miss the gnoll with your +0 dagger.
The gnoll hits you with a +0 club!
You die...

#............##########
###.......# ###### #
#.#.#.#.###.'∩####
#.#.###.##..####..
#.#.# #.#.###.##..
#.#.# #.#.# #.....
#.#.# #.#.###.##..
##.#.# #.##...###.^
#.@..# #.###.## ###
#..|..g......# #.## #
#####....##### #.>#####
##.#... ##......
#.##### #..#### #.#
#..# ..# #..# ### ####
## ##.


You could see a gnoll.

Vanquished Creatures
  3 ball pythons (D:1)
  3 endoplasms (D:1)
  2 goblins (D:1)
  A hobgoblin (D:1)
  A kobold (D:1)
  A quokka (D:1)
  3 bats (D:1)
  2 rats (D:1)
16 creatures vanquished.

Notes
Turn   | Place    | Note
-------+----------+-------------------------------------------
     0 | D:1      | hikkokomori the Coglin Berserker began the quest for the
                  | Orb.
     0 | D:1      | Reached XP level 1. HP: 18/18 MP: 1/1
    54 | D:1      | Found Guotrer's Assorted Antiques.
   156 | D:1      | Reached XP level 2. HP: 24/24 MP: 2/2
   508 | D:1      | Slain by a gnoll

Illustrated notes

Levels and vault maps discovered:
D:1:      erik_arrival_orb_chamber, layout_loops_ring, serial_shops,
          nicolae_shop_tiny_glass, minmay_heptomino_o4

Skill      XL: |  1 |
---------------+----+-----
Armour         | 2 |  2.0
Dodging        | 2 |  2.0
Fighting       | |  3.3
Axes           | |  3.3

Action                     || total
---------------------------++-------
  Melee: Hand axe          ||    45
         Dagger            ||    42
 Armour: Animal skin       ||    32
  Dodge: Dodged            ||    20

Table legend: (Time is in decaauts)
 A = Elapsed time spent in this place.
 B = Non-inter-level travel time spent in this place.
 C = Inter-level travel time spent in this place.
 D = Time resting spent in this place.
 E = Time spent auto-exploring this place.
 F = Levels seen in this place.
 G = Mean time per level.
                   A        B        C        D        E       F      G
               +--------+--------+--------+--------+--------+-----+--------+
         Total |    510 |    497 |     13 |      0 |    390 |   1 |  510.0 |
       Dungeon |    510 |    497 |     13 |      0 |    390 |   1 |  510.0 |
               +--------+--------+--------+--------+--------+-----+--------+

Top non-repeatable levels by time:
     D:1: 510 daAuts
